 Dungeon Crawl Stone Soup version 0.28.0-62-gf88900778d (webtiles) character file.

Game seed: 1499194244791689523

250 cbfl8 the Cudgeller (level 6, -5/39 HPs)
             Began as a Gargoyle Berserker on Aug 14, 2023.
             Was a Believer of Trog.
             Killed from afar by an orc wizard (9 damage)
             ... with a magic dart
             ... on level 3 of the Dungeon.
             The game lasted 00:02:56 (2352 turns).

cbfl8 the Cudgeller (Gargoyle Berserker)            Turns: 2352, Time: 00:02:57

Health: -5/39      AC:  6    Str: 21    XL:     6   Next: 13%
Magic:  6/6        EV: 12    Int:  7    God:    Trog [**....]
Gold:   37         SH:  0    Dex: 11    Spells: 5/5 levels left

rFire   . . .      SeeInvis .   a - +0 mace
rCold   . . .      Faith    .   (no shield)
rNeg    + . .      Spirit   .   b - +0 animal skin
rPois   ∞          Reflect  .   (no helmet)
rElec   +          Harm     .   (no cloak)
rCorr   .          Rampage  .   (no gloves)
Will    .....                   (no boots)
Stlth   +.........              j - amulet of the acrobat
HPRegen 0.13/turn               (no ring)
MPRegen 0.10/turn               (no ring)

@: confused, on berserk cooldown, slowed, very slow
A: sickness immunity, AC +4, negative energy resistance 1, electricity
resistance, torment resistance 1, petrification resistance
a: Renounce Religion, Berserk, Trog's Hand


You were on level 3 of the Dungeon.
You worshipped Trog.
Trog was pleased with you.
You visited 1 branch of the dungeon, and saw 3 of its levels.

You collected 37 gold pieces.

Inventory:

Hand Weapons
 a - a +0 mace (weapon)
Missiles
 e - a throwing net (quivered)
Armour
 b - a +0 animal skin (worn)
Jewellery
 j - an amulet of the acrobat (around neck)
Scrolls
 c - a scroll of teleportation {unknown}
 g - a scroll of noise
 h - 2 scrolls of amnesia {unknown}
 i - a scroll of enchant weapon {unknown}
 k - a scroll of magic mapping
 l - 2 scrolls of acquirement {unknown}
Potions
 d - a potion of heal wounds {unknown}
 f - 2 potions of flight {unknown}
 m - a potion of curing {unknown}


   Skills:
 + Level 4.4 Fighting
 + Level 5.1 Maces & Flails
 + Level 2.4 Armour
 - Level 1.5 Dodging
 + Level 1.2 Stealth
 * Level 2.0 Evocations


You had 5 spell levels left.
You didn't know any spells.
Your spell library was empty.

Dungeon Overview and Level Annotations

Branches:
Dungeon (3/15)

Altars:


Innate Abilities, Weirdness & Mutations

You are immune to sickness and miasma.
Your stone body is resilient. (AC +4)
You are immune to poison.
You resist negative energy. (rN+)
You are resistant to electric shocks. (rElec)
You are resistant to unholy torment.
You are immune to petrification.


Message History

You sock the orc priest!
You kill the orc priest!
Trog accepts your kill. The orc hits you but does no damage.
Your Maces & Flails skill increases to level 5!
Your Stealth skill increases to level 1!
Your Evocations skill increases to level 2!
You sock the orc priest!
The orc priest is almost dead.
The orc hits you from afar with a +0 trident.
* * * LOW HITPOINT WARNING * * *
The orc priest hits you with a +0 dagger.
* * * LOW HITPOINT WARNING * * *
You thump the orc priest!
You kill the orc priest!
Trog accepts your kill. The orc hits you but does no damage.
You have reached level 6!
You closely miss the orc wizard. The orc wizard misses you.
The orc barely misses you.
You sock the orc wizard!
The orc wizard is heavily wounded.
The orc wizard points at you and mumbles some strange words.
You are confused.
You closely miss the orc wizard.
The orc wizard is heavily wounded.
The orc completely misses you.
You miss the orc wizard.
The orc wizard is heavily wounded.
The orc wizard closely misses you.
The orc hits you from afar with a +0 trident.
* * * LOW HITPOINT WARNING * * *
You bump into the rock wall.
You are no longer berserk.
You are exhausted.
You feel yourself slow down. The orc wizard misses you. The orc misses you.
You bump into the rock wall.
The orc wizard casts a spell at you. The magic dart hits you!
You die... ..# ... ##.## ##...## ..... oo.

#o# #@#
##.#
#####.#.#
#.#
#)...###..
#.# #.###.#
#.# #.# #.#
#.# .# #.#
#.# ## #
#.# #.# #.#
#.# ## #.#
#.#
######.###.


You could see an orc wizard and 2 orcs.

Vanquished Creatures
  A scorpion (D:1)
  2 orc priests (D:3)
  A gnoll (D:1)
  5 adders
  2 dart slugs (D:2)
  An orc (D:3)
  2 ball pythons
  3 endoplasms
  2 giant cockroaches (D:3)
  A goblin (D:1)
  8 hobgoblins
  14 jackals
  6 quokkas
  9 bats
  4 frilled lizards
  7 kobolds
  5 rats
73 creatures vanquished.

Notes
Turn   | Place    | Note
-------+----------+-------------------------------------------
     0 | D:1      | cbfl8 the Gargoyle Berserker began the quest for the Orb.
     0 | D:1      | Reached XP level 1. HP: 14/14 MP: 1/1
   639 | D:1      | Reached XP level 2. HP: 19/19 MP: 2/2
   853 | D:1      | Reached XP level 3. HP: 16/23 MP: 3/3
  1160 | D:2      | Noticed a scorpion
  1168 | D:1      | Killed a scorpion
  1169 | D:1      | Reached skill level 4 in Maces & Flails
  1169 | D:1      | Reached skill level 1 in Evocations
  1169 | D:1      | Reached XP level 4. HP: 29/29 MP: 4/4
  1232 | D:1      | Reached ** piety under Trog
  1424 | D:2      | Reached XP level 5. HP: 25/33 MP: 5/5
  1568 | D:2      | Found a faded altar of an unknown god.
  2345 | D:3      | Reached skill level 5 in Maces & Flails
  2345 | D:3      | Reached skill level 1 in Stealth
  2347 | D:3      | Reached XP level 6. HP: 11/39 MP: 6/6
  2352 | D:3      | Killed from afar by an orc wizard

Illustrated notes

Levels and vault maps discovered:
D:1:      dpeg_arrival_arbitrary_b, layout_basic, minmay_misc_feat_cross,
          minivault_25
D:2:      layout_rooms, shapermc_ecumenical_altar_hornbeckon, minmay_liquid_box,
          dk_noncrumbling_4
D:3:      layout_loops_ring

Skill      XL: |  1  2  3  4  5 |
---------------+----------------+-----
Maces & Flails | 4 5 |  5.1
Evocations     | 1 2 |  2.0
Fighting       | 4 |  4.4
Stealth        | 1 |  1.2
Armour         | |  2.4
Dodging        | |  1.5

Action                   |  1- 3 |  4- 6 || total
-------------------------+-------+-------++-------
Melee: Mace              |    60 |   163 ||   223
Invok: Berserk           |     1 |     1 ||     2
  Use: Scroll            |       |     3 ||     3
 Stab: Sleeping          |       |     4 ||     4
Armor: Animal skin       |    28 |    74 ||   102
Dodge: Dodged            |    66 |   158 ||   224
